| TOP OF THE 1ST |
|
Grand Junction Rockies batting - Pitching for Kingsport Mets : RHP John Mason
|
|
Pitching: RHP John Mason
|
|
|
Batting: RHB Juan Figueroa
|
0-0: Ball 1-0: Ball 2-0: Ball 3-0: Called Strike 3-1: Base on Balls
|
|
Batting: LHB Bill McGregor
|
0-0: Ball 1-0: Ball Juan Figueroa steals 2nd base 2-0: Ball 3-0: Called Strike 3-1: Base on Balls
|
|
Batting: RHB Henry Alvizo
|
0-0: Ball 1-0: Ball 2-0: Ball 3-0: Hit by Pitch Juan Figueroa to third Bill McGregor to second
|
|
Batting: RHB John Boyer
|
0-0: Ball 1-0: Called Strike 1-1: Foul Ball, location: 2F 1-2: Foul Ball, location: 2F 1-2: Strikes out swinging
|
|
Batting: LHB Chris Salim
|
0-0: Swinging Strike 0-1: Called Strike 0-2: Ball 1-2: Ball 2-2: Strikes out swinging
|
|
Batting: RHB Willis Morales
|
0-0: Ball Wild Pitch! Juan Figueroa scores Bill McGregor to third Henry Alvizo to second 1-0: Ball 2-0: Foul Ball, location: 2F 2-1: Called Strike 2-2: DOUBLE (Line Drive, 78D, EV 105.6 MPH) Bill McGregor scores Henry Alvizo scores
|
|
Batting: SHB Jeff Sorrels
|
0-0: Foul Ball, location: 2F 0-1: Foul Ball, location: 2F 0-2: Ball 1-2: Strikes out swinging
|
| Top of the 1st over - 3 runs, 1 hit, 0 errors, 1 left on base; Grand Junction 3 - Kingsport 0 |
| BOTTOM OF THE 1ST |
|
Kingsport Mets batting - Pitching for Grand Junction Rockies : RHP Mitch Guerrero
|
|
Pitching: RHP Mitch Guerrero
|
|
|
Batting: RHB Josh Jones
|
0-0: Ground out 3-1 (Groundball, 34, EV 84.4 MPH)
|
|
Batting: SHB Callum Lynch
|
0-0: Called Strike 0-1: Ball 1-1: Ball 2-1: Ground out 4-3 (Groundball, 4S, EV 68.1 MPH)
|
|
Batting: RHB Steve Page
|
0-0: Ball 1-0: Swinging Strike 1-1: Foul Ball, location: 2F 1-2: DOUBLE (Line Drive, 89XD, EV 111.9 MPH)
|
|
Batting: SHB Jason Evans
|
0-0: Called Strike 0-1: Swinging Strike 0-2: Ground out 3-1 (Groundball, 34S, EV 83.1 MPH)
|
| Bottom of the 1st over - 0 runs, 1 hit, 0 errors, 1 left on base; Grand Junction 3 - Kingsport 0 |
| TOP OF THE 2ND |
|
Grand Junction Rockies batting - Pitching for Kingsport Mets : RHP John Mason
|
|
Batting: LHB Michael Krott
|
0-0: Called Strike 0-1: Ball 1-1: Ball 2-1: Called Strike 2-2: Strikes out swinging
|
|
Batting: RHB Bryce Hickman
|
0-0: Fly out, F7 (Flyball, 7S, EV 78.8 MPH)
|
|
Batting: RHB Juan Figueroa
|
0-0: Swinging Strike 0-1: Foul Ball, location: 2F 0-2: Strikes out swinging
|
| Top of the 2nd over - 0 runs, 0 hits, 0 errors, 0 left on base; Grand Junction 3 - Kingsport 0 |
| BOTTOM OF THE 2ND |
|
Kingsport Mets batting - Pitching for Grand Junction Rockies : RHP Mitch Guerrero
|
|
Batting: RHB Coltin Nellis
|
0-0: Ground out 1-3 (Groundball, 34S, EV 69.4 MPH)
|
|
Batting: RHB Dan House
|
0-0: Called Strike 0-1: Ground out 3-1 (Groundball, 13, EV 92.5 MPH)
|
|
Batting: RHB Danny Runberg
|
0-0: Called Strike 0-1: SINGLE (Line Drive, 9LS, EV 108.8 MPH)
|
|
Batting: RHB Jack Nickleberry
|
0-0: Ground out 4-3 (Groundball, 4, EV 103.1 MPH)
|
| Bottom of the 2nd over - 0 runs, 1 hit, 0 errors, 1 left on base; Grand Junction 3 - Kingsport 0 |
| TOP OF THE 3RD |
|
Grand Junction Rockies batting - Pitching for Kingsport Mets : RHP John Mason
|
|
Batting: LHB Bill McGregor
|
0-0: Foul Ball, location: 2F 0-1: Ball 1-1: Ball 2-1: Ball 3-1: Base on Balls
|
|
Batting: RHB Henry Alvizo
|
0-0: Called Strike Bill McGregor steals 2nd base 0-1: Ball 1-1: Fly out, F7 (Flyball, 7, EV 79.4 MPH)
|
|
Batting: RHB John Boyer
|
0-0: Called Strike 0-1: Called Strike Bill McGregor steals 3rd base 0-2: SINGLE (Line Drive, 6MD, EV 100.0 MPH) Bill McGregor scores
|
|
Batting: LHB Chris Salim
|
0-0: Foul Ball, location: 2F 0-1: Foul Ball, location: 2F 0-2: Foul Ball, location: 2F 0-2: Grounds into double play, 3-6-3 (Groundball, 3, EV 83.1 MPH)
|
| Top of the 3rd over - 1 run, 1 hit, 0 errors, 0 left on base; Grand Junction 4 - Kingsport 0 |
| BOTTOM OF THE 3RD |
|
Kingsport Mets batting - Pitching for Grand Junction Rockies : RHP Mitch Guerrero
|
|
Batting: LHB Mototsune Suzuki
|
0-0: Called Strike 0-1: Fly out, F9 (Flyball, 9D, EV 110.0 MPH)
|
|
Batting: RHB Josh Jones
|
0-0: DOUBLE (Line Drive, 89M, EV 95.6 MPH)
|
|
Batting: SHB Callum Lynch
|
0-0: Called Strike 0-1: Ball 1-1: SINGLE (Groundball, 34D, EV 95.6 MPH) Josh Jones to third Runner from 3rd tries for Home, SAFE, throw by RF to home
|
|
Batting: RHB Steve Page
|
0-0: Ball 1-0: Foul Ball, location: 2F 1-1: Ball 2-1: Foul Ball, location: 2F 2-2: Foul Ball, location: 2F 2-2: Foul Ball, location: 2F 2-2: Ball 3-2: Base on Balls Callum Lynch to second
|
|
Batting: SHB Jason Evans
|
0-0: Ball 1-0: Foul Ball, location: 2F 1-1: Swinging Strike 1-2: Ball 2-2: Ball 3-2: Base on Balls Callum Lynch to third Steve Page to second
|
|
Batting: RHB Coltin Nellis
|
0-0: Called Strike 0-1: Ball 1-1: Foul Ball, location: 2F 1-2: Strikes out swinging
|
|
Batting: RHB Dan House
|
0-0: Ball 1-0: Called Strike 1-1: Ground out 5-3 (Groundball, 56S, EV 73.1 MPH)
|
| Bottom of the 3rd over - 1 run, 2 hits, 0 errors, 3 left on base; Grand Junction 4 - Kingsport 1 |
| TOP OF THE 4TH |
|
Grand Junction Rockies batting - Pitching for Kingsport Mets : RHP John Mason
|
|
Batting: RHB Willis Morales
|
0-0: Ball 1-0: Ball 2-0: Ball 3-0: Called Strike 3-1: Base on Balls
|
|
Batting: SHB Jeff Sorrels
|
0-0: Ball 1-0: Called Strike Willis Morales is caught stealing 2nd base 2-6 1-1: Ball 2-1: Ball 3-1: Foul Ball, location: 2F 3-2: Foul Ball, location: 2F 3-2: SINGLE (Groundball, 4MD, EV 100.6 MPH)
|
|
Batting: LHB Michael Krott
|
0-0: Called Strike Jeff Sorrels is caught stealing 2nd base 2-6 0-1: SINGLE (Groundball, 4, EV 100.6 MPH)
|
|
Batting: RHB Bryce Hickman
|
0-0: Ground out 4-3 (Groundball, 4, EV 90.0 MPH)
|
| Top of the 4th over - 0 runs, 2 hits, 0 errors, 1 left on base; Grand Junction 4 - Kingsport 1 |
| BOTTOM OF THE 4TH |
|
Kingsport Mets batting - Pitching for Grand Junction Rockies : RHP Mitch Guerrero
|
|
Batting: RHB Danny Runberg
|
0-0: Foul Ball, location: 2F 0-1: Foul Ball, location: 2F 0-2: Foul Ball, location: 2F 0-2: SOLO HOME RUN (Line Drive, 9D, EV 103.1 MPH), Distance : 391 ft
|
|
Batting: RHB Jack Nickleberry
|
0-0: SINGLE (Groundball, 6M, EV 98.1 MPH)
|
|
Batting: LHB Mototsune Suzuki
|
0-0: Ball Jack Nickleberry steals 2nd base 1-0: Called Strike 1-1: Ball 2-1: Foul Ball, location: 2F 2-2: SINGLE (Groundball, 4D, EV 95.6 MPH) Jack Nickleberry to third
|
|
Batting: RHB Josh Jones
|
0-0: Ball 1-0: Ball 2-0: Swinging Strike 2-1: Swinging Strike 2-2: Strikes out looking
|
|
Batting: SHB Callum Lynch
|
0-0: Ball 1-0: Hit by Pitch Mototsune Suzuki to second
|
|
Batting: RHB Steve Page
|
0-0: Swinging Strike 0-1: Called Strike 0-2: Ball 1-2: Ball 2-2: Foul Ball, location: 2F 2-2: Fly out, F8 (Flyball, 8RD, EV 99.4 MPH) Runner from 3rd tags up, SCORES, throw by CF
|
|
Batting: SHB Jason Evans
|
0-0: Ball 1-0: Called Strike 1-1: Foul Ball, location: 2F 1-2: Strikes out swinging
|
| Bottom of the 4th over - 2 runs, 3 hits, 0 errors, 2 left on base; Grand Junction 4 - Kingsport 3 |
| TOP OF THE 5TH |
|
Grand Junction Rockies batting - Pitching for Kingsport Mets : RHP John Mason
|
|
Batting: RHB Juan Figueroa
|
0-0: Ball 1-0: Foul Ball, location: 2F 1-1: Swinging Strike 1-2: Strikes out swinging
|
|
Batting: LHB Bill McGregor
|
0-0: Called Strike 0-1: Ball 1-1: Called Strike 1-2: Foul Ball, location: 2F 1-2: Foul Ball, location: 2F 1-2: Strikes out swinging
|
|
DELAY
|
Rain delay of 58 minutes in the 5th inning.
|
|
Pitching: LHP Mike Mathews
|
|
|
Batting: RHB Henry Alvizo
|
0-0: Ball 1-0: Ball 2-0: Ball 3-0: Called Strike 3-1: Base on Balls
|
|
Batting: RHB John Boyer
|
0-0: Ball 1-0: Ball Henry Alvizo steals 2nd base 2-0: Ball 3-0: Called Strike 3-1: Base on Balls
|
|
Batting: LHB Chris Salim
|
0-0: Swinging Strike 0-1: Ball 1-1: Foul Ball, location: 2F 1-2: DOUBLE (Line Drive, 5D, EV 112.5 MPH) Henry Alvizo scores John Boyer to third Runner from 3rd tries for Home, throw by LF and OUT! 7-6-2
|
| Top of the 5th over - 1 run, 1 hit, 0 errors, 1 left on base; Grand Junction 5 - Kingsport 3 |
| BOTTOM OF THE 5TH |
|
Kingsport Mets batting - Pitching for Grand Junction Rockies : RHP Mitch Guerrero
|
|
Batting: RHB Coltin Nellis
|
0-0: Swinging Strike 0-1: Ball 1-1: Swinging Strike 1-2: Strikes out swinging
|
|
Pitching: RHP Jim Micaletti
|
|
|
Batting: RHB Dan House
|
0-0: Ball 1-0: Foul Ball, location: 2F 1-1: Fly out, F7 (Flyball, 7S, EV 84.4 MPH)
|
|
Batting: RHB Danny Runberg
|
0-0: Ball 1-0: Ball 2-0: Foul Ball, location: 2F 2-1: Swinging Strike 2-2: Ground out U3 (Groundball, 34S, EV 81.2 MPH)
|
| Bottom of the 5th over - 0 runs, 0 hits, 0 errors, 0 left on base; Grand Junction 5 - Kingsport 3 |
| TOP OF THE 6TH |
|
Grand Junction Rockies batting - Pitching for Kingsport Mets : LHP Mike Mathews
|
|
Batting: RHB Willis Morales
|
0-0: Called Strike 0-1: Foul Ball, location: 2F 0-2: Strikes out swinging, 2-3 out at first.
|
|
Batting: SHB Jeff Sorrels
|
0-0: Foul Ball, location: 2F 0-1: Swinging Strike 0-2: Foul Ball, location: 2F 0-2: Ball 1-2: Foul Ball, location: 2F 1-2: Ball 2-2: Strikes out swinging, 2-3 out at first.
|
|
Batting: RHB Doug D'Onofrio
|
0-0: Foul Ball, location: 2F 0-1: Foul Ball, location: 2F 0-2: Ball 1-2: Foul Ball, location: 2F 1-2: Ball 2-2: Ball 3-2: TRIPLE (Flyball, 9LD, EV 98.8 MPH)
|
|
Pitching: RHP Danny Helm
|
|
|
Batting: RHB Bryce Hickman
|
0-0: Ball 1-0: Ball 2-0: Swinging Strike 2-1: Called Strike 2-2: Ball 3-2: SINGLE (Line Drive, 6MD, EV 100.0 MPH) Doug D'Onofrio scores
|
|
Batting: RHB Juan Figueroa
|
0-0: Called Strike 0-1: Swinging Strike 0-2: Foul Ball, location: 2F 0-2: Strikes out swinging
|
| Top of the 6th over - 1 run, 2 hits, 0 errors, 1 left on base; Grand Junction 6 - Kingsport 3 |
| BOTTOM OF THE 6TH |
|
Kingsport Mets batting - Pitching for Grand Junction Rockies : RHP Jim Micaletti
|
|
Batting: RHB Jack Nickleberry
|
0-0: Called Strike 0-1: Ball 1-1: Ball 2-1: Ball 3-1: Fly out, F7 (Line Drive, 7, EV 95.6 MPH)
|
|
Batting: LHB Mototsune Suzuki
|
0-0: Ball 1-0: Ball 2-0: Foul Ball, location: 2F 2-1: Swinging Strike 2-2: Ball 3-2: Base on Balls
|
|
Batting: RHB Josh Jones
|
0-0: Ball 1-0: SINGLE (Groundball, 25, EV 69.4 MPH) (infield hit) Mototsune Suzuki to second
|
|
Batting: SHB Callum Lynch
|
0-0: Ball 1-0: Ball 2-0: Ball 3-0: Base on Balls Mototsune Suzuki to third Josh Jones to second
|
|
Batting: RHB Steve Page
|
0-0: Called Strike 0-1: Ball 1-1: Foul Ball, location: 2F 1-2: Foul Ball, location: 2F 1-2: Ball 2-2: Strikes out looking
|
|
Batting: SHB Jason Evans
|
0-0: Ball 1-0: Called Strike 1-1: Called Strike 1-2: Strikes out swinging
|
| Bottom of the 6th over - 0 runs, 1 hit, 0 errors, 3 left on base; Grand Junction 6 - Kingsport 3 |
| TOP OF THE 7TH |
|
Grand Junction Rockies batting - Pitching for Kingsport Mets : RHP Danny Helm
|
|
Batting: LHB Bill McGregor
|
0-0: Called Strike 0-1: Foul Ball, location: 2F 0-2: Ball 1-2: Ball 2-2: Foul Ball, location: 2F 2-2: Hit by Pitch
|
|
Batting: RHB Henry Alvizo
|
0-0: Fielders Choice at 2nd, 4-6 (Groundball, 34, EV 81.2 MPH)
|
|
Batting: RHB John Boyer
|
0-0: Ball Henry Alvizo steals 2nd base 1-0: Called Strike 1-1: Ball 2-1: Fly out, F6 (Line Drive, 6, EV 68.1 MPH)
|
|
Batting: LHB Chris Salim
|
0-0: Ball 1-0: Ball 2-0: Called Strike 2-1: Ball 3-1: Base on Balls
|
|
Pitching: LHP Scott Carr
|
|
|
Batting: RHB Willis Morales
|
0-0: Ball 1-0: DOUBLE (Groundball, 5L, EV 105.6 MPH) Henry Alvizo scores Chris Salim to third Runner from 3rd tries for Home, throw by LF and OUT! 7-6-2
|
| Top of the 7th over - 1 run, 1 hit, 0 errors, 1 left on base; Grand Junction 7 - Kingsport 3 |
| BOTTOM OF THE 7TH |
|
Kingsport Mets batting - Pitching for Grand Junction Rockies : RHP Jim Micaletti
|
|
Now at SS: Willie Benito
|
|
|
Now in LF: Zakhar Edelman
|
|
|
Batting: RHB Coltin Nellis
|
0-0: Ball 1-0: SINGLE (Groundball, 56D, EV 102.5 MPH)
|
|
Batting: RHB Dan House
|
0-0: Ball 1-0: 2-RUN HOME RUN (Flyball, 7LD, EV 92.5 MPH), Distance : 336 ft
|
|
Batting: RHB Danny Runberg
|
0-0: Called Strike 0-1: Ball 1-1: Swinging Strike 1-2: Ball 2-2: Strikes out swinging
|
|
Batting: RHB Jack Nickleberry
|
0-0: Called Strike 0-1: DOUBLE (Flyball, 9LD, EV 101.2 MPH)
|
|
Batting: LHB Mototsune Suzuki
|
0-0: Foul Ball, location: 2F 0-1: Ball 1-1: DOUBLE (Line Drive, 89D, EV 104.4 MPH) Jack Nickleberry scores
|
|
Batting: RHB Josh Jones
|
0-0: Ball 1-0: Fly out, F9 (Flyball, 89S, EV 86.9 MPH)
|
|
Batting: SHB Callum Lynch
|
0-0: Ball 1-0: Called Strike 1-1: 2-RUN HOME RUN (Flyball, 9D, EV 97.5 MPH), Distance : 375 ft
|
|
Batting: RHB Steve Page
|
0-0: Ball 1-0: Called Strike 1-1: Ball 2-1: Ball 3-1: Called Strike 3-2: Base on Balls
|
|
Batting: SHB Jason Evans
|
0-0: Foul Ball, location: 2F 0-1: Foul Ball, location: 2F 0-2: Ball 1-2: 2-RUN HOME RUN (Flyball, 9D, EV 98.1 MPH), Distance : 368 ft
|
|
Pitching: LHP Jason Ryan
|
|
|
Batting: RHB Coltin Nellis
|
0-0: Foul Ball, location: 2F 0-1: Ground out 6-3 (Groundball, 6, EV 108.1 MPH)
|
| Bottom of the 7th over - 7 runs, 6 hits, 0 errors, 0 left on base; Grand Junction 7 - Kingsport 10 |
| TOP OF THE 8TH |
|
Grand Junction Rockies batting - Pitching for Kingsport Mets : LHP Scott Carr
|
|
Batting: SHB Jeff Sorrels
|
0-0: Ball 1-0: Swinging Strike 1-1: Ball 2-1: Ground out 6-3 (Groundball, 56, EV 88.8 MPH)
|
|
Batting: RHB Doug D'Onofrio
|
0-0: Called Strike 0-1: Foul Ball, location: 2F 0-2: Ball 1-2: Ball 2-2: Fly out, F9 (Flyball, 89M, EV 93.8 MPH)
|
|
Pitching: RHP Gabe Kelso
|
|
|
Batting: RHB Bryce Hickman
|
0-0: Called Strike 0-1: Called Strike 0-2: Foul Ball, location: 2F 0-2: Ball 1-2: Strikes out swinging
|
| Top of the 8th over - 0 runs, 0 hits, 0 errors, 0 left on base; Grand Junction 7 - Kingsport 10 |
| BOTTOM OF THE 8TH |
|
Kingsport Mets batting - Pitching for Grand Junction Rockies : LHP Jason Ryan
|
|
Batting: RHB Dan House
|
0-0: Ball 1-0: Ball 2-0: Fly out, F3 (Flyball, 34D, EV 81.2 MPH)
|
|
Batting: RHB Danny Runberg
|
0-0: Called Strike 0-1: Swinging Strike 0-2: Foul Ball, location: 2F 0-2: Ball 1-2: Ball 2-2: Ground out 6-3 (Groundball, 56, EV 88.1 MPH)
|
|
Batting: RHB Jack Nickleberry
|
0-0: SINGLE (Groundball, 34D, EV 110.6 MPH)
|
|
Batting: LHB Mototsune Suzuki
|
0-0: Ball 1-0: Fielders Choice at 2nd, 5-4 (Groundball, 5, EV 90.0 MPH)
|
| Bottom of the 8th over - 0 runs, 1 hit, 0 errors, 1 left on base; Grand Junction 7 - Kingsport 10 |
| TOP OF THE 9TH |
|
Grand Junction Rockies batting - Pitching for Kingsport Mets : RHP Gabe Kelso
|
|
Batting: RHB Juan Figueroa
|
0-0: Called Strike 0-1: Called Strike 0-2: Strikes out swinging
|
|
Batting: LHB Bill McGregor
|
0-0: Foul Ball, location: 2F 0-1: Swinging Strike 0-2: Strikes out swinging
|
|
Batting: RHB Henry Alvizo
|
0-0: Ball 1-0: Ball 2-0: Ball 3-0: Called Strike 3-1: Foul Ball, location: 2F 3-2: Strikes out swinging
|
| Top of the 9th over - 0 runs, 0 hits, 0 errors, 0 left on base; Grand Junction 7 - Kingsport 10 |
|